 Dungeon Crawl Stone Soup version 0.26-a0-812-g31a745ddcd (webtiles) character file.

Game seed: 11582514388443444144

214 Descartes the Conjurer (level 5, -8/28 HPs)
             Began as a Deep Elf Conjurer on Nov 14, 2020.
             Mangled by an ogre
             ... wielding a +0 giant club
              (11 damage)
             ... on level 2 of the Dungeon.
             The game lasted 00:05:39 (2757 turns).

Descartes the Conjurer (Deep Elf Conjurer)          Turns: 2757, Time: 00:05:39

Health: -8/28      AC:  7    Str:  4    XL:     5   Next: 60%
Magic:  13/14      EV: 13    Int: 24    God:
Gold:   203        SH:  0    Dex: 13    Spells: 0/14 levels left

rFire    . . .     SeeInvis .   e - +1 short sword (drain)
rCold    + . .     Faith    .   (no shield)
rNeg     . . .     Spirit   .   a - +0 robe
rPois    .         Reflect  .   (no helmet)
rElec    .         Harm     .   (no cloak)
rCorr    .         Rampage  .   (no gloves)
MR       .....                  f - +0 pair of boots
Stlth    +++.......             (no amulet)
HPRegen  0.09/turn              i - ring of protection from cold
MPRegen  0.14/turn              j - +4 ring of protection

@: no status effects
A: no striking features
a: no special abilities


You were on level 2 of the Dungeon.
You visited 1 branch of the dungeon, and saw 3 of its levels.

You collected 203 gold pieces.

Inventory:

Hand Weapons
 e - a +1 short sword of draining (weapon)
Missiles
 m - 33 stones (quivered)
Armour
 a - a +0 robe (worn)
 f - a +0 pair of boots (worn)
Jewellery
 i - a ring of protection from cold (left hand)
 j - a +4 ring of protection (right hand)
Scrolls
 c - 4 scrolls of identify {unknown}
 d - a scroll of teleportation {unknown}
 h - 4 scrolls of enchant weapon {unknown}
 k - a scroll of fear {unknown}
 l - a scroll of amnesia {unknown}
Potions
 b - a potion of invisibility {unknown}
 g - 2 potions of attraction {unknown}


   Skills:
 - Level 2.4 Dodging
 + Level 4.9 Stealth
 + Level 5.1 Spellcasting
 + Level 5.6 Conjurations


You couldn't memorise any spells.
You knew the following spells:

 Your Spells              Type           Power        Failure   Level
a - Magic Dart            Conj           ####         1%          1
b - Searing Ray           Conj           ####..       1%          2
c - Dazzling Flash        Conj/Hex       ###...       9%          3
d - Fulminant Prism       Conj/Hex       ###.......   26%         4
e - Iskenderun's Mystic   Conj/Tloc      ###.....     26%         4

Your spell library contained the following spells:

 Spells                   Type           Power        Failure   Level


Dungeon Overview and Level Annotations

Branches:
Dungeon (3/15)

Altars:


Message History

Aim: an ogre, wielding a +0 giant club (lightly wounded)
The magic dart hits the ogre.
The ogre is moderately wounded.
The ogre hits you with a +0 giant club!!
Ouch! That really hurt!
* * * LOW HITPOINT WARNING * * *
Casting: Magic Dart (safe; 1% risk of failure)
Confirm with . or Enter, or press ? or * to list all spells.
Aiming: Magic Dart (safe; 1% risk of failure)
Press: ? - help, Shift-Dir - straight line, f/p - ogre
Aim: an ogre, wielding a +0 giant club (moderately wounded)
The magic dart hits the ogre.
The ogre is moderately wounded.
The ogre hits you with a +0 giant club.
* * * LOW HITPOINT WARNING * * *
You see here a quokka skeleton.
There is an open door here.
There is an escape hatch in the ceiling here.
The ogre hits you with a +0 giant club!
You die...

### ## ..################### #<
...........##.......# ###.
..########.##...@O..##########...
..#.........'.......'.....รท......
.....<####.##.......#########....
.##.######.############## #.###
.........#[# #........# #.#
###.####.#.# #........# #.#
.........#.# #........# #.#
#.#.###....#####........## #.#
...>..'....'...'.........## #.#


You could see an ogre.

Vanquished Creatures
  A jelly (D:1)
  A worker ant (D:2)
  6 gnolls (D:2)
  3 adders (D:2)
  3 oozes (D:1)
  A worm (D:2)
  4 giant cockroaches
  12 hobgoblins
  3 jackals (D:1)
  5 kobolds
  A quokka (D:2)
  10 bats
  2 frilled lizards (D:1)
  2 goblins (D:1)
  9 rats
63 creatures vanquished.

Vanquished Creatures (others)
  4 toadstools (D:1)
4 creatures vanquished.

Grand Total: 67 creatures vanquished

Notes
Turn   | Place    | Note
-------+----------+-------------------------------------------
     0 | D:1      | Descartes the Deep Elf Conjurer began the quest for the
                  | Orb.
     0 | D:1      | Reached XP level 1. HP: 10/10 MP: 6/6
     1 | D:1      | Found a runed translucent door.
     1 | D:1      | Noticed a jelly
   201 | D:1      | Reached XP level 2. HP: 15/15 MP: 4/8
   836 | D:1      | Reached XP level 3. HP: 19/19 MP: 1/10
  1001 | D:1      | Reached skill level 5 in Conjurations
  1001 | D:1      | Reached XP level 4. HP: 24/24 MP: 9/12
  1745 | D:2      | Reached XP level 5. HP: 28/28 MP: 0/14
  2127 | D:2      | Reached skill level 5 in Spellcasting
  2241 | D:2      | Learned a level 2 spell: Searing Ray
  2245 | D:2      | Learned a level 3 spell: Dazzling Flash
  2250 | D:2      | Learned a level 4 spell: Fulminant Prism
  2255 | D:2      | Learned a level 4 spell: Iskenderun's Mystic Blast
  2710 | D:3      | Noticed an ogre
  2757 | D:2      | Mangled by an ogre

Illustrated notes

Levels and vault maps discovered:
D:1:      dpeg_arrival_caged_fury, layout_loops_ring, minmay_gold_behind_fungi
D:2:      layout_basic
D:3:      layout_basic

Skill      XL: |  1  2  3  4  5 |
---------------+----------------+-----
Stealth        | 3 4 |  4.9
Spellcasting   | 4 5 |  5.1
Conjurations   | 5 |  5.6
Dodging        | |  2.4

Action                   |  1- 3 |  4- 6 || total
-------------------------+-------+-------++-------
Melee: Short sword       |     9 |       ||     9
 Cast: Magic Dart        |    50 |    91 ||   141
Armor: Robe              |     5 |     6 ||    11
Dodge: Dodged            |    13 |    23 ||    36

Table legend: (Time is in decaauts)
 A = Elapsed time spent in this place.
 B = Non-inter-level travel time spent in this place.
 C = Inter-level travel time spent in this place.
 D = Time resting spent in this place.
 E = Time spent auto-exploring this place.
 F = Levels seen in this place.
 G = Mean time per level.
                   A        B        C        D        E       F      G
               +--------+--------+--------+--------+--------+-----+--------+
         Total |   2757 |   2670 |     87 |    101 |   2163 |   3 |  919.0 |
       Dungeon |   2757 |   2670 |     87 |    101 |   2163 |   3 |  919.0 |
               +--------+--------+--------+--------+--------+-----+--------+

Top non-repeatable levels by time:
     D:1: 1643 daAuts
     D:2: 1068 daAuts
     D:3: 44 daAuts
